 Dungeon Crawl Stone Soup version 0.32-a0-913-g739538afd8 (webtiles) character file.

Game seed: 12819358695665353932

8943 ezpacito the Trooper (level 11, -1/84 HPs)
             Began as a Coglin Chaos Knight on Apr 9, 2024.
             Was a Plaything of Xom.
             Killed from afar by an acid dragon (27 damage)
             ... with a splash of acid
             ... on level 10 of the Dungeon.
             The game lasted 00:13:19 (10649 turns).

ezpacito the Trooper (Coglin Chaos Knight)         Turns: 10649, Time: 00:13:19

Health: -1/84      AC: 12    Str: 16      XL:     11   Next: 38%
Magic:  18/18      EV:  8    Int: 12 (13) God:    Xom [.*....]
Gold:   209        SH:  0    Dex: 11      Spells: 3/18 levels left

rFire   + . .        a - +0 hand axe (chaos) {Imanvir}
rCold   + . .        n - +2 trident (drain) {Xochipepe}
rNeg    . . .        D - +6 chain mail {Will+}
rPois   .            (helmet restricted)
rElec   .            d - scarf {rC+ rF+}
rCorr   .            (no gloves)
SInv    .            (no boots)
Will    +....        (amulet unavailable) Stlth
                     (ring unavailable)
HPRegen 0.34/turn    (ring unavailable)
MPRegen 0.16/turn    (no gizmo)

%: no passive effects
@: corroded, studying Spellcasting, revved
A: off-hand wielding, slow wielding, warmup strikes, no jewellery, horns 1,
clumsy 1, deterioration 1, high MP 1
a: Invent Gizmo, Renounce Religion


You were on level 10 of the Dungeon.
You worshipped Xom.
You were a plaything of Xom.
You visited 2 branches of the dungeon, and saw 11 of its levels.

You collected 670 gold pieces.
You spent 461 gold pieces at shops.

Inventory:

Hand Weapons
 a - a +0 hand axe of chaos (weapon) {Imanvir}
 g - a +0 broad axe
 n - a +2 trident of draining (offhand) {Xochipepe}
Missiles
 f - 10 atropa-tipped darts
 l - a curare-tipped dart
 r - 46 poisoned darts (quivered)
 y - 2 throwing nets
 G - 8 boomerangs
Armour
 d - a scarf of resistance (worn)
 w - a +0 plate armour
 B - a +1 plate armour of poison resistance
 D - a +6 chain mail of willpower (worn)
Talismans
 m - a talisman of death
 o - a maw talisman
 s - a blade talisman
Wands
 b - a wand of mindburst (24)
 e - a wand of warping (8)
 j - a wand of acid (1)
 z - a wand of polymorph (4)
 F - a wand of paralysis (7)
Scrolls
 c - 2 scrolls of amnesia
 h - 2 scrolls of fog
 i - a scroll of identify
 k - 2 scrolls of acquirement
 t - 5 scrolls of teleportation
 u - a scroll of revelation
 v - 3 scrolls of enchant weapon
Potions
 p - 3 potions of attraction
 q - a potion of curing
 x - 5 potions of enlightenment
 A - a potion of lignification
 C - a potion of mutation


   Skills:
 * Level 7.3 Fighting
 * Level 7.2(8.4) Axes
 * Level 5.9(7.3) Polearms
 * Level 6.3 Armour
 * Level 5.9 Dodging
 + Level 4.2 Stealth
 + Level 4.1 Spellcasting
 + Level 2.0 Alchemy
 + Level 5.5 Evocations
 + Level 3.4 Shapeshifting


You had 3 spell levels left.
You knew the following spells:

 Your Spells              Type           Power      Damage    Failure   Level
a - Sting                 Conj/Alch      16%        1d4       82%         1
b - Mercury Vapours       Alch/Air       8%         N/A       91%         2
c - Olgreb's Toxic Radia  Alch           7%         N/A       100%        4
d - Ensorcelled Hibernat  Hex/Ice        4%         N/A       97%         2
s - Swiftness             Air            2%         N/A       100%        3
w - Passwall              Erth           2%         N/A       100%        3

Your spell library contained the following spells:

 Spells                   Type           Power      Damage    Failure   Level
 Summon Small Mammal      Summ           8%         N/A       91%         1
 Call Canine Familiar     Summ           2%         N/A       100%        3
 Volatile Blastmotes      Fire/Tloc      4%         2d10      100%        3
 Summon Blazeheart Golem  Fire/Summ      2%         N/A       100%        4
 Vhi's Electric Charge    Tloc/Air       4%         N/A       100%        4
 Bombard                  Conj/Erth      1%         9d1       100%        6


Dungeon Overview and Level Annotations

Branches:
Dungeon (10/15)            Temple (1/1) D:4            Lair (0/5) D:9
    Orc (0/2) D:9

Altars:
Ashenzari
Cheibriados
Dithmenos
Elyvilon
Fedhas
Gozag
Hepliaklqana
Kikubaaqudgha
Makhleb
Nemelex Xobeh
Okawaru
Qazlal
Ru
Sif Muna
Trog
Uskayaw
Vehumet
Wu Jian
Xom
Yredelemnul
Zin
The Shining One

Shops:
D:1 !   D:7 ?


Innate Abilities, Weirdness & Mutations

You can wield a second weapon in your off-hand.
It takes a long time for you to wield or remove held weapons.
Your first few attacks do less damage.
You cannot equip rings or amulets.
You have a pair of small horns on your head.
You are clumsy. (Dex -2)
Your body sometimes deteriorates upon taking damage.
You have an increased reservoir of magic. (+10% MP)


Message History

The yak is killed!
The yak gores the troll!
Your Alchemy skill increases to level 2!
You're too confused to move!
The acid dragon bites the troll.
The acid dragon claws the troll.
The acid dragon bites itself.
The acid dragon claws itself but does no damage.
The yak gores the troll!
You feel better.
The yak gores the troll!
You regained 8 hp, and now have 42/84 hp.
You hit the troll but do no damage.
The troll is almost dead.
You hit the troll with your +0 hand axe of chaos.
You kill the troll!
The acid dragon seems less confused.
The yak gores the acid dragon but does no damage.
The yak gores itself.
You hit the acid dragon but do no damage.
You headbutt the acid dragon, but do no damage.
The acid dragon is lightly wounded.
You hit the acid dragon with your +2 trident of draining.
The acid dragon spits acid at you. The splash of acid hits you!!
* * * LOW HITPOINT WARNING * * *
The acid corrodes you!
You take 24 damage, and have 18/84 hp.
MASSIVE DAMAGE!!
You closely miss the acid dragon with your +2 trident of draining.
The acid dragon is lightly wounded.
You barely miss the acid dragon with your +0 hand axe of chaos.
The yak seems less drained.
The acid dragon barely misses you. The acid dragon closely misses you.
The yak closely misses the acid dragon.
You completely miss the acid dragon with your +0 hand axe of chaos.
Your headbutt misses the acid dragon.
The acid dragon is lightly wounded.
You barely miss the acid dragon with your +2 trident of draining.
The acid dragon bites you but does no damage.
The acid dragon barely misses you.
You feel better. The acid dragon spits acid at you.
The splash of acid hits you!!
You die...

#.# ..# #.# #.##
.# ##..# .. .Y.
.#.#. #D# ## ....
#@##.## #.
#.#.##.....#
###.##.#.##..##..#
####
...............##
.. ....
#..............##
####
##..............#
#...............#
#..............##
...............#


You could see a yak (resistant) and an acid dragon (catching breath).

Vanquished Creatures
  Jeremiah (D:8)
  3 trolls
  A hornet (D:9)
  3 wyverns
  A basilisk (D:9)
  13 yaks
  A steam dragon (D:7)
  Edmund (D:4)
  A water moccasin (D:9)
  Duvessa (D:5)
  3 black bears
  2 ice beasts (D:5)
  3 orc warriors
  4 sky beasts
  3 ogres
  3 centaurs
  A phantom (D:4)
  Blork the orc (D:5)
  5 kobold brigands
  2 scorpions
  4 bullfrogs
  A gnoll sergeant (D:9)
  11 wights
  Dowan (D:5)
  8 killer bees (D:8)
  7 howler monkeys
  6 orc priests
  A quasit (D:7)
  2 hounds (D:5)
  2 gnoll boudas (D:8)
  A sleepcap (D:5)
  A jelly (D:5)
  4 iguanas
  Ijyb (D:5)
  10 orc wizards
  19 gnolls
  7 adders
  3 shadow imps
  4 white imps (D:7)
  An ufetubus (D:7)
  2 dart slugs
  5 ribbon worms
  20 orcs
  3 endoplasms
  3 giant cockroaches
  6 goblins
  4 hobgoblins
  2 jackals (D:2)
  30 kobolds
  5 quokkas
  5 ball pythons
  9 bats
  5 frilled lizards
  6 rats
252 creatures vanquished.

Vanquished Creatures (collateral kills)
  2 orcs (D:8)
  A kobold (D:8)
3 creatures vanquished.

Vanquished Creatures (others)
  A jelly (D:5)
  Jessica (D:3)
  A kobold (D:8)
  A kobold zombie (D:6)
4 creatures vanquished.

Grand Total: 259 creatures vanquished

Notes
Turn   | Place    | Note
-------+----------+-------------------------------------------
     0 | D:1      | ezpacito the Coglin Chaos Knight began the quest for the
                  | Orb.
     0 | D:1      | Reached XP level 1. HP: 18/18 MP: 1/1
    29 | D:1      | Reached skill level 1 in Dodging
    31 | D:1      | XOM: silly message
    60 | D:1      | Reached XP level 2. HP: 22/24 MP: 2/2
    81 | D:1      | Found Emoer's Distillery.
   262 | D:1      | XOM: divination: detect items
   454 | D:1      | Reached XP level 3. HP: 24/29 MP: 3/3
   705 | D:2      | XOM: silly message
   743 | D:2      | Reached skill level 1 in Polearms
   865 | D:2      | Reached XP level 4. HP: 35/35 MP: 4/4
  1009 | D:2      | XOM: silly message
  1118 | D:2      | XOM: divination: detect items
  1413 | D:2      | XOM: silly message
  1466 | D:3      | Noticed Jessica
  1470 | D:3      | XOM: confuse monster(s)
  1473 | D:3      | Killed Jessica
  1621 | D:3      | Reached skill level 1 in Stealth
  1621 | D:3      | Reached XP level 5. HP: 41/41 MP: 4/6
  1667 | D:3      | Found a blossoming altar of Fedhas.
  2034 | D:3      | Found a faded altar of an unknown god.
  2103 | D:3      | XOM: noise
  2305 | D:4      | Noticed a black bear
  2310 | D:4      | Killed a black bear
  2311 | D:4      | Reached skill level 1 in Spellcasting
  2311 | D:4      | Reached skill level 1 in Evocations
  2311 | D:4      | Reached XP level 6. HP: 36/48 MP: 7/7
  2444 | D:4      | Noticed a wyvern
  2459 | D:4      | XOM: give mutation
  2459 | D:4      | Gained mutation: Your body sometimes deteriorates upon
                  | taking damage. [Xom's mischief]
  2470 | D:4      | XOM: polymorph butterfly -> butterfly
  2474 | D:4      | HP: 2/72 [wyvern (21)]
  2477 | D:4      | XOM: enchant monster (good)
  2481 | D:4      | Killed a wyvern
  2482 | D:4      | Reached XP level 7. HP: 48/54 MP: 8/8
  2625 | D:4      | Reached skill level 1 in Shapeshifting
  2650 | D:4      | XOM: scenery: 1 doors open, 1 doors close
  2684 | D:4      | Found a staircase to the Ecumenical Temple.
  2691 | Temple   | Entered the Ecumenical Temple
  2721 | D:4      | XOM: 3-stop teleportation journey
  2775 | D:4      | Noticed Edmund
  2787 | D:4      | Killed Edmund
  2905 | D:4      | XOM: scenery: 1 doors open, 1 doors close
  2939 | D:4      | XOM: god gift: 28 gold pieces
  3048 | D:4      | XOM: noise
  3143 | D:1      | Bought a potion of curing for 39 gold pieces
  3143 | D:1      | Bought a potion of curing for 39 gold pieces
  3143 | D:1      | Bought a potion of curing for 39 gold pieces
  3143 | D:1      | Bought a potion of enlightenment for 65 gold pieces
  3143 | D:1      | Bought a potion of curing for 39 gold pieces
  3143 | D:1      | Bought a potion of lignification for 39 gold pieces
  3203 | D:5      | Entered Level 5 of the Dungeon
  3629 | D:4      | XOM: summons 4 hostile shadow creatures
  3757 | D:5      | Reached XP level 8. HP: 53/61 MP: 10/10
  3783 | D:5      | XOM: noise
  3951 | D:5      | XOM: summons 4 hostile shadow creatures
  3997 | D:5      | XOM: give mutation
  3997 | D:5      | Gained mutation: You sometimes lose your temper in combat.
                  | [Xom's mischief]
  4027 | D:5      | Noticed Blork the orc
  4027 | D:5      | Noticed Ijyb
  4030 | D:5      | XOM: swap monsters
  4035 | D:5      | Killed Ijyb
  4037 | D:5      | XOM: 2-stop teleportation journey
  4202 | D:5      | XOM: potion effect (might)
  4206 | D:5      | Killed Blork the orc
  4206 | D:5      | XOM: scenery: create altars
  4207 | D:5      | Reached skill level 5 in Fighting
  4319 | D:5      | XOM: give mutation
  4319 | D:5      | Gained mutation: You occasionally lose the ability to drink
                  | potions when taking damage. [Xom's mischief]
  4367 | D:5      | Noticed Dowan
  4367 | D:5      | XOM: give mutations
  4367 | D:5      | Lost mutation: You sometimes lose your temper in combat.
                  | [Xom's mischief]
  4367 | D:5      | Gained mutation: You are robust. (+10% HP) [Xom's mischief]
  4368 | D:5      | Noticed Duvessa
  4369 | D:5      | XOM: confusion
  4383 | D:5      | Killed Duvessa
  4383 | D:5      | XOM: silly message
  4384 | D:5      | Reached skill level 5 in Axes
  4384 | D:5      | Reached XP level 9. HP: 65/74 MP: 12/12
  4387 | D:5      | Killed Dowan
  4620 | D:5      | XOM: draining
  4637 | D:5      | XOM: polymorph frilled lizard -> bullfrog
  4796 | D:6      | Identified a scroll of acquirement
  4887 | D:6      | XOM: stat loss: -1 Str (15/16)
  4928 | D:6      | Identified the +4 rapier "Oduserr" {flame, rElec Will+
                  | Str+4 Dex-3}
  5110 | D:6      | XOM: summons friendly crimson imp
  5399 | D:6      | XOM: confusion (+ monsters)
  5402 | D:6      | XOM: noise
  5435 | D:6      | XOM: 7-stop teleportation journey
  5750 | D:6      | XOM: silly message
  5796 | D:6      | XOM: summons 5 hostile demons
  7063 | D:7      | XOM: noise
  7260 | D:7      | XOM: 1-stop teleportation journey
  7274 | D:7      | Found Hydej's Magic Scroll Shoppe.
  7279 | D:7      | Bought a scroll of identify for 26 gold pieces
  7279 | D:7      | Bought a scroll of identify for 26 gold pieces
  7279 | D:7      | Bought a scroll of enchant weapon for 97 gold pieces
  7279 | D:7      | Bought a scroll of fog for 52 gold pieces
  7283 | D:7      | XOM: cloud trail
  7377 | D:7      | Reached skill level 5 in Armour
  7381 | D:7      | XOM: 5-stop teleportation journey
  7566 | D:7      | XOM: god gift: pearl ring {god gift}
  7691 | D:7      | XOM: draining
  7767 | D:8      | Noticed Jeremiah
  7779 | D:8      | Killed Jeremiah
  7780 | D:8      | Reached XP level 10. HP: 56/77 MP: 14/14
  8118 | D:8      | XOM: polymorph killer bee -> centaur
  8119 | D:8      | XOM: enchant monster (bad)
  8188 | D:8      | XOM: 1-stop teleportation journey
  8245 | D:8      | XOM: summons 4 hostile demons
  8289 | D:8      | Reached skill level 5 in Dodging
  8517 | D:8      | Learned a level 1 spell: Sting
  8520 | D:8      | Learned a level 2 spell: Mercury Vapours
  8525 | D:8      | Learned a level 4 spell: Olgreb's Toxic Radiance
  8529 | D:8      | Learned a level 3 spell: Passwall
  8533 | D:8      | Learned a level 3 spell: Swiftness
  8536 | D:8      | Learned a level 2 spell: Ensorcelled Hibernation
  8650 | D:8      | XOM: noise
  8752 | D:8      | XOM: smoke on damage
  8760 | D:8      | XOM: summons friendly iron imp
  8945 | D:9      | Paralysed by a hornet for 3 turns
  8953 | D:9      | Reached skill level 5 in Polearms
  9233 | D:9      | XOM: scenery: create altars
  9247 | D:9      | Found a staircase to the Orcish Mines.
  9259 | D:9      | XOM: give mutations
  9259 | D:9      | Gained mutation: You have a pair of small horns on your
                  | head. [Xom's mischief]
  9259 | D:9      | Lost mutation: You occasionally lose the ability to drink
                  | potions when taking damage. [Xom's mischief]
  9281 | D:9      | XOM: summons 6 hostile demons
  9292 | D:9      | XOM: 1-stop teleportation journey
  9305 | D:9      | Reached skill level 5 in Evocations
  9576 | D:9      | Found a staircase to the Lair.
  9579 | D:9      | XOM: confusion (+ monsters)
  9598 | D:9      | Reached skill level 1 in Alchemy
  9602 | D:9      | XOM: noise
  9619 | D:9      | Reached XP level 11. HP: 74/91 MP: 16/16
  9836 | D:9      | Identified the +5 hand cannon of World's End {freeze,
                  | Int+5}
  9978 | D:10     | Entered Level 10 of the Dungeon
 10211 | D:10     | XOM: give mutations
 10211 | D:10     | Gained mutation: You are vulnerable to heat. (rF-) [Xom's
                  | mischief]
 10211 | D:10     | Lost mutation: You are vulnerable to heat. (rF-) [Xom's
                  | mischief]
 10211 | D:10     | Gained mutation: You have an increased reservoir of magic.
                  | (+10% MP) [Xom's mischief]
 10211 | D:10     | Lost mutation: You are robust. (+10% HP) [Xom's mischief]
 10296 | D:10     | XOM: chaos upgrade
 10301 | D:10     | XOM: enchant monster (bad)
 10304 | D:10     | XOM: give mutation
 10304 | D:10     | Gained mutation: You are clumsy. (Dex -2) [Xom's mischief]
 10587 | D:10     | XOM: fake destruction
 10606 | D:10     | XOM: enchant monster (bad)
 10629 | D:10     | XOM: silly message
 10633 | D:10     | XOM: confusion
 10641 | D:10     | XOM: confusion (+ monsters)
 10649 | D:10     | Killed from afar by an acid dragon

Illustrated notes

Levels and vault maps discovered:
D:1:      amcnicky_arrival_flooded_fountain, layout_basic, serial_shops, shop
D:2:      layout_basic, minmay_misc_feat_secret_circle
D:3:      layout_basic, fedhas_altar_3, shapermc_ecumenical_altar_notcrosses,
          uniq_jessica
D:4:      minmay_chambers_of_fours, layout_gridville, minmay_temple_entry_ruins,
          st_stairs_6, uniq_edmund
D:5:      layout_rooms, lexackson_kobold_supper, uniq_blork_the_orc,
          uniq_duvessa, uniq_ijyb
D:6:      layout_layer_cave
D:7:      layout_basic, serial_shops, nicolae_shop_just_a_little_nook,
          serial_demonic, serial_demonic_g, serial_demonic_e, serial_demonic_a,
          serial_demonic_b
D:8:      layout_cave_pools, uniq_jeremiah
D:9:      layout_roguey, minmay_lair_entry_grove, david_orc_3
D:10:     layout_cave_pods, minmay_diced_spiral
Temple:   mainiacjoe_temple_circle_huts

Skill      XL: |  1  2  3  4  5  6  7  8  9 10 11 |
---------------+----------------------------------+-----
Dodging        | 1 2 3 4 5 |  5.9
Armour         | 2 3 4 5 6 |  6.3
Polearms       | 1 2 3 4 5 |  5.9
Stealth        | 1 2 3 4 |  4.2
Spellcasting   | 1 2 3 4 |  4.1
Evocations     | 1 2 3 4 5 |  5.5
Fighting       | 4 5 6 7 |  7.3
Shapeshifting  | 1 2 3 |  3.4
Axes           | 4 5 6 7 |  7.2
Alchemy        | 1 2 |  2.0

Action                     |  1- 3 |  4- 6 |  7- 9 | 10-12 || total
---------------------------+-------+-------+-------+-------++-------
  Melee: Hand axe          |    42 |   106 |   318 |   241 ||   707
         Dagger            |    35 |    65 |       |       ||   100
         Spear             |       |    47 |   351 |       ||   398
         Trident           |       |       |       |   271 ||   271
         Headbutt          |       |       |       |    35 ||    35
  Evoke: Wand              |       |       |    13 |       ||    13
    Use: Potion            |       |     7 |     5 |    13 ||    25
         Scroll            |       |     3 |    13 |     7 ||    23
   Stab: Sleeping          |       |     5 |       |       ||     5
         Petrifying        |       |     2 |     1 |       ||     3
         Confused          |       |     2 |     4 |     8 ||    14
         Paralysed         |       |       |     2 |       ||     2
         Invisible         |       |       |       |    14 ||    14
         Held in net/web   |       |       |       |     1 ||     1
 Armour: Leather armour    |    31 |    39 |       |       ||    70
         Chain mail        |       |    45 |   331 |   366 ||   742
         Skin              |       |    10 |       |     9 ||    19
  Dodge: Dodged            |    17 |    48 |   100 |   190 ||   355

Table legend: (Time is in decaauts)
 A = Elapsed time spent in this place.
 B = Non-inter-level travel time spent in this place.
 C = Inter-level travel time spent in this place.
 D = Time resting spent in this place.
 E = Time spent auto-exploring this place.
 F = Levels seen in this place.
 G = Mean time per level.
                   A        B        C        D        E       F      G
               +--------+--------+--------+--------+--------+-----+--------+
         Total |  10684 |  10196 |    488 |    899 |   7362 |  11 |  971.3 |
       Dungeon |  10682 |  10195 |    487 |    899 |   7362 |  10 | 1068.2 |
        Temple |      1 |      1 |      0 |      0 |      0 |   1 |    1.0 |
               +--------+--------+--------+--------+--------+-----+--------+

Top non-repeatable levels by time:
     D:6: 1580 daAuts
     D:4: 1403 daAuts
     D:7: 1388 daAuts
     D:8: 1154 daAuts
     D:9: 1078 daAuts
     D:5: 1062 daAuts
     D:2: 900 daAuts
     D:3: 825 daAuts
    D:10: 663 daAuts
     D:1: 626 daAuts
  Temple: 1 daAuts
